 Dungeon Crawl Stone Soup version 0.28-a0-1613-gdaab1c2f9b (webtiles) character file.

Game seed: 16859913873078868164

161 voltaire321 the Ducker (level 5, -2/39 HPs)
             Began as a Merfolk Artificer on Jan 22, 2022.
             Slain by a hobgoblin (20 damage)
             ... led by Robin
             ... on level 3 of the Dungeon.
             The game lasted 00:06:40 (3073 turns).

voltaire321 the Ducker (Merfolk Artificer)          Turns: 3073, Time: 00:06:40

Health: -2/39      AC: 10    Str: 13    XL:     5   Next: 42%
Magic:  5/5        EV: 15    Int: 10    God:
Gold:   178        SH:  0    Dex: 16    Spells: 2/5 levels left

rFire   . . .      SeeInvis +   n - +0 mace (drain)
rCold   . . .      Faith    .   (no shield)
rNeg    . . .      Spirit   .   i - +0 ring mail
rPois   +          Reflect  .   t - +1 hat {SInv}
rElec   .          Harm     .   o - +1 cloak {rPois}
rCorr   .          Rampage  .   p - +1 pair of gloves
Will    .....                   (boots currently unavailable)
Stlth   ++........              (no amulet)
HPRegen 0.13/turn               (no ring)
MPRegen 0.09/turn               (no ring)

@: very quick
A: nimble swimmer 2, mertail
a: no special abilities


You were on level 3 of the Dungeon.
You visited 1 branch of the dungeon, and saw 3 of its levels.

You collected 178 gold pieces.

Inventory:

Hand Weapons
 g - a +0 long sword
 n - a +0 mace of draining (weapon)
Armour
 i - a +0 ring mail (worn)
 o - a +1 cloak of poison resistance (worn)
 p - a +1 pair of gloves (worn)
 t - a +1 hat of see invisible (worn)
Wands
 c - a wand of flame (15) (quivered)
 d - a wand of charming (15)
 s - a wand of iceblast (8)
Scrolls
 b - a scroll of enchant armour {unknown}
 f - 2 scrolls of identify {unknown}
 k - a scroll of noise {unknown}
 m - a scroll of teleportation {unknown}
 r - a scroll of amnesia {unknown}
Potions
 h - a potion of lignification {unknown}
 j - 3 potions of curing {unknown}
 l - 2 potions of mutation {unknown}
 q - a potion of brilliance {unknown}
Miscellaneous
 e - a piece from Xom's chessboard (15/15)


   Skills:
 + Level 2.7 Fighting
 + Level 1.7 Armour
 + Level 4.1 Dodging
 - Level 1.1 Stealth
 + Level 0.5 Spellcasting
 + Level 0.8 Summonings
 + Level 3.8 Evocations


You had 2 spell levels left.
You knew the following spells:

 Your Spells              Type           Power      Damage    Failure   Level
a - Call Canine Familiar  Summ           1%         N/A       86%         3

Your spell library contained the following spells:

 Spells                   Type           Power      Damage    Failure   Level
 Summon Small Mammal      Summ           4%         N/A       50%         1
 Summon Guardian Golem    Hex/Summ       1%         N/A       89%         3


Dungeon Overview and Level Annotations

Branches:
Dungeon (3/15)

Altars:


Innate Abilities, Weirdness & Mutations

You are very nimble when in or above water. (Stealth+, EV+, Speed+++)
Your lower body shifts to a powerful aquatic tail in water.


Message History

Robin is moderately wounded.
A hobgoblin comes into view.
Robin hits you but does no damage.
You sock Robin! You drain Robin.
You kill Robin!
You closely miss the hobgoblin.
The hobgoblin no longer looks unusually strong. x2
The hobgoblin barely misses you.
The hobgoblin no longer looks unusually strong.
The hobgoblin hits you but does no damage.
You see here a +0 club.
Your legs become a tail as you enter the water.
The hobgoblin no longer looks unusually strong.
The hobgoblin barely misses you. The hobgoblin hits you with a +0 mace.
The hobgoblin misses you.
You closely miss the hobgoblin. The hobgoblin barely misses you.
The hobgoblin hits you but does no damage.
The hobgoblin barely misses you.
You hit the hobgoblin. You drain the hobgoblin.
You kill the hobgoblin!
The hobgoblin barely misses you. x2; The hobgoblin hits you.
You hit the hobgoblin.
You kill the hobgoblin!
The hobgoblin hits you but does no damage.
You hit the hobgoblin. You drain the hobgoblin.
The hobgoblin is severely wounded.
The hobgoblin misses you. The hobgoblin closely misses you.
You hit the hobgoblin.
You kill the hobgoblin!
The hobgoblin completely misses you. The hobgoblin closely misses you.
You closely miss the hobgoblin.
The hobgoblin hits you with a +1 short sword of electrocution.
You are electrocuted!
The hobgoblin closely misses you.
The hobgoblin hits you but does no damage.
You closely miss the hobgoblin.
The hobgoblin hits you but does no damage.
The hobgoblin hits you with a +1 short sword of electrocution.
You are electrocuted!!
Ouch! That really hurt!
You die... #..#...#..≈≈≈....#.# #gg #.)#########≈≈.###.######## #gg #..........#≈≈.# #......... #.g #..........'...# ########## #gh

#..........'...#
#..
#..........'..)#
#..
#..........#≈≈##
#''##..#########≈≈#
#......#...#.g@≈≈##
#......'...))g≈≈≈#
#......#...#..≈≈##
#################


You could see 2 hobgoblins.

Vanquished Creatures
  Crazy Yiuf (D:2)
  Robin (D:3)
  4 gnolls (D:3)
  An adder (D:2)
  A worm (D:3)
  A dart slug (D:2)
  2 orcs (D:3)
  4 ball pythons
  8 bats
  5 endoplasms
  2 giant cockroaches
  7 goblins
  10 hobgoblins
  3 jackals (D:3)
  5 kobolds
  2 quokkas (D:1)
  5 frilled lizards
  6 rats
68 creatures vanquished.

Vanquished Creatures (others)
  3 plants (D:1)
3 creatures vanquished.

Grand Total: 71 creatures vanquished

Notes
Turn   | Place    | Note
-------+----------+-------------------------------------------
     0 | D:1      | voltaire321 the Merfolk Artificer began the quest for the
                  | Orb.
     0 | D:1      | Reached XP level 1. HP: 15/15 MP: 1/1
   188 | D:1      | Reached XP level 2. HP: 15/21 MP: 2/2
   300 | D:1      | Reached skill level 3 in Dodging
   370 | D:1      | Reached skill level 1 in Armour
   960 | D:1      | Reached XP level 3. HP: 27/27 MP: 3/3
  1006 | D:1      | Found a faded altar of an unknown god.
  1771 | D:2      | Found a runed translucent door.
  1784 | D:2      | Noticed Crazy Yiuf
  1791 | D:2      | Killed Crazy Yiuf
  1792 | D:2      | Reached XP level 4. HP: 18/34 MP: 4/4
  2412 | D:3      | Learned a level 3 spell: Call Canine Familiar
  2501 | D:3      | Reached skill level 4 in Dodging
  2509 | D:3      | Reached XP level 5. HP: 22/39 MP: 5/5
  3048 | D:3      | Noticed Robin
  3059 | D:3      | Killed Robin
  3073 | D:3      | Slain by a hobgoblin

Illustrated notes

Levels and vault maps discovered:
D:1:      scummos_arrival_simple_crosswalls, layout_rooms,
          shapermc_ecumenical_altar_mp_ritualfount, minmay_small_reverse_x
D:2:      layout_basic, kennysheep_small_spiral, uniq_crazy_yiuf_cottage
D:3:      kennysheep_goblin_castle, layout_loops_ring, kennysheep_generic_room_7

Skill      XL: |  1  2  3  4 |
---------------+-------------+-----
Dodging        | 3 4 |  4.1
Armour         | 1 |  1.7
Fighting       | 2 |  2.7
Stealth        | |  1.1
Spellcasting   | |  0.5
Summonings     | |  0.8
Evocations     | |  3.8

Action                   |  1- 3 |  4- 6 || total
-------------------------+-------+-------++-------
Melee: Club              |    44 |       ||    44
       Long sword        |    64 |       ||    64
       Mace              |     4 |    90 ||    94
       Punch             |     1 |     1 ||     2
 Stab: Sleeping          |     3 |     1 ||     4
Armor: Leather armour    |    23 |       ||    23
       Ring mail         |    11 |    45 ||    56
Dodge: Dodged            |   100 |    81 ||   181

Table legend: (Time is in decaauts)
 A = Elapsed time spent in this place.
 B = Non-inter-level travel time spent in this place.
 C = Inter-level travel time spent in this place.
 D = Time resting spent in this place.
 E = Time spent auto-exploring this place.
 F = Levels seen in this place.
 G = Mean time per level.
                   A        B        C        D        E       F      G
               +--------+--------+--------+--------+--------+-----+--------+
         Total |   3135 |   3096 |     39 |    626 |   1753 |   3 | 1045.0 |
       Dungeon |   3135 |   3096 |     39 |    626 |   1753 |   3 | 1045.0 |
               +--------+--------+--------+--------+--------+-----+--------+

Top non-repeatable levels by time:
     D:3: 1082 daAuts
     D:1: 1057 daAuts
     D:2: 996 daAuts
